| TOP OF THE 1ST |
|
Vancouver Canadians batting - Pitching for Idaho Falls Chukars : RHP Tristan Jones
|
|
Pitching: RHP Tristan Jones
|
|
|
Batting: RHB Brian Manson
|
0-0: Ball 1-0: Called Strike 1-1: Ball 2-1: Foul Ball, location: 2F 2-2: Ground out 3-1 (Groundball, 34, EV 97.5 MPH)
|
|
Batting: RHB Carlos Renteria
|
0-0: Called Strike 0-1: Swinging Strike 0-2: Ball 1-2: Foul Ball, location: 2F 1-2: Strikes out swinging
|
|
Batting: RHB Nikita Schram
|
0-0: Ball 1-0: Ball 2-0: Ball 3-0: Base on Balls
|
|
Batting: LHB Devin Huber
|
0-0: Ball 1-0: Called Strike Nikita Schram steals 2nd base (no throw) 1-1: Ball 2-1: Ball Passed Ball! Nikita Schram to third 3-1: Fly out, F9 (Flyball, 9D, EV 100.6 MPH)
|
| Top of the 1st over - 0 runs, 0 hits, 0 errors, 1 left on base; Vancouver 0 - Idaho Falls 0 |
| BOTTOM OF THE 1ST |
|
Idaho Falls Chukars batting - Pitching for Vancouver Canadians : RHP Jonathon Crunk
|
|
Pitching: RHP Jonathon Crunk
|
|
|
Batting: RHB Ruben Luis
|
0-0: DOUBLE (Line Drive, 78D, EV 104.4 MPH)
|
|
Batting: RHB Mike Bearden
|
0-0: Called Strike 0-1: Ball 1-1: Swinging Strike 1-2: Ball 2-2: Strikes out swinging
|
|
Batting: RHB Jonas Fernandez
|
0-0: Called Strike 0-1: Ground out 6-3 (Groundball, 56, EV 101.9 MPH)
|
|
Batting: RHB Ian Hornsby
|
0-0: Foul Ball, location: 2F 0-1: Ball 1-1: Called Strike 1-2: Foul Ball, location: 2F 1-2: Foul Ball, location: 2F 1-2: Strikes out swinging
|
| Bottom of the 1st over - 0 runs, 1 hit, 0 errors, 1 left on base; Vancouver 0 - Idaho Falls 0 |
| TOP OF THE 2ND |
|
Vancouver Canadians batting - Pitching for Idaho Falls Chukars : RHP Tristan Jones
|
|
Batting: RHB Norm Mercer
|
0-0: Called Strike 0-1: Called Strike 0-2: Strikes out swinging
|
|
Batting: LHB Adam Santarelli
|
0-0: Called Strike 0-1: Ball 1-1: Foul Ball, location: 2F 1-2: Foul Ball, location: 2F 1-2: Foul Ball, location: 2F 1-2: Hit by Pitch
|
|
Batting: RHB Elliot Manfredini
|
0-0: Foul Ball, location: 2F 0-1: Ball 1-1: Called Strike 1-2: Reached on error, E8 (Line Drive, 8LM, EV 90.0 MPH) Adam Santarelli to third
|
|
Batting: RHB Ricky Carbajal
|
0-0: SINGLE (Flyball, 5D, EV 87.5 MPH) Adam Santarelli scores Elliot Manfredini to third
|
|
Batting: RHB Luis Vargas
|
0-0: Called Strike 0-1: Ball 1-1: Called Strike Ricky Carbajal is caught stealing 2nd base 2-4 1-2: Ball 2-2: Strikes out swinging
|
| Top of the 2nd over - 1 run, 1 hit, 1 error, 1 left on base; Vancouver 1 - Idaho Falls 0 |
| BOTTOM OF THE 2ND |
|
Idaho Falls Chukars batting - Pitching for Vancouver Canadians : RHP Jonathon Crunk
|
|
Batting: LHB Vicente Hernandez
|
0-0: Swinging Strike 0-1: Foul Ball, location: 2F 0-2: Foul Ball, location: 2F 0-2: Strikes out looking
|
|
Batting: LHB David Bearden
|
0-0: Ball 1-0: Foul Ball, location: 2F 1-1: Ball 2-1: Foul Ball, location: 2F 2-2: Foul Ball, location: 2F 2-2: Fly out, F8 (Flyball, 8LD, EV 101.9 MPH)
|
|
Batting: RHB Bobby Matyas
|
0-0: Called Strike 0-1: Ball 1-1: Fly out, F8 (Flyball, 8RD, EV 85.6 MPH)
|
| Bottom of the 2nd over - 0 runs, 0 hits, 0 errors, 0 left on base; Vancouver 1 - Idaho Falls 0 |
| TOP OF THE 3RD |
|
Vancouver Canadians batting - Pitching for Idaho Falls Chukars : RHP Tristan Jones
|
|
Batting: RHB Brian Manson
|
0-0: Foul Ball, location: 2F 0-1: Ball 1-1: Ground out 6-3 (Groundball, 6D, EV 108.8 MPH)
|
|
Batting: RHB Carlos Renteria
|
0-0: Called Strike 0-1: Ball 1-1: Foul Ball, location: 2F 1-2: Foul Ball, location: 2F 1-2: SINGLE (Line Drive, 9LS, EV 96.2 MPH)
|
|
Batting: RHB Nikita Schram
|
0-0: Ball Carlos Renteria steals 2nd, throwing error, E2 Carlos Renteria to third 1-0: Foul Ball, location: 2F 1-1: Fly out, F3 (Popup, 3S, EV 88.8 MPH)
|
|
Batting: LHB Devin Huber
|
0-0: Swinging Strike 0-1: SINGLE (Groundball, 56D, EV 109.4 MPH) Carlos Renteria scores
|
|
Batting: RHB Norm Mercer
|
0-0: Ball 1-0: Ground out 4-3 (Groundball, 34S, EV 90.0 MPH)
|
| Top of the 3rd over - 1 run, 2 hits, 1 error, 1 left on base; Vancouver 2 - Idaho Falls 0 |
| BOTTOM OF THE 3RD |
|
Idaho Falls Chukars batting - Pitching for Vancouver Canadians : RHP Jonathon Crunk
|
|
Batting: RHB Rafael Tapia
|
0-0: Called Strike 0-1: Called Strike 0-2: Ball 1-2: Ball 2-2: Ball 3-2: TRIPLE (Flyball, 89XD, EV 105.6 MPH)
|
|
Batting: SHB Benoît Morin
|
0-0: Ball 1-0: Called Strike 1-1: Ball 2-1: Called Strike 2-2: Strikes out swinging
|
|
Batting: RHB Ruben Luis
|
0-0: Called Strike 0-1: Called Strike 0-2: Ball 1-2: Strikes out looking
|
|
Batting: RHB Mike Bearden
|
0-0: Ball 1-0: Foul Ball, location: 2F 1-1: Swinging Strike 1-2: Strikes out swinging
|
| Bottom of the 3rd over - 0 runs, 1 hit, 0 errors, 1 left on base; Vancouver 2 - Idaho Falls 0 |
| TOP OF THE 4TH |
|
Vancouver Canadians batting - Pitching for Idaho Falls Chukars : RHP Tristan Jones
|
|
Pitching: RHP Jim Haggart
|
|
|
Batting: LHB Adam Santarelli
|
0-0: Ball 1-0: Ball 2-0: Foul Ball, location: 2F 2-1: Called Strike 2-2: Foul Ball, location: 2F 2-2: Foul Ball, location: 2F 2-2: Strikes out looking
|
|
Batting: RHB Elliot Manfredini
|
0-0: SINGLE (Groundball, 56D, EV 101.2 MPH) (infield hit)
|
|
Batting: RHB Ricky Carbajal
|
0-0: Ball Elliot Manfredini is caught stealing 2nd base 2-4 1-0: Ball 2-0: Ball 3-0: Base on Balls
|
|
Batting: RHB Luis Vargas
|
0-0: Called Strike Ricky Carbajal steals 2nd base (no throw) 0-1: Called Strike 0-2: Foul Ball, location: 2F 0-2: Ball 1-2: Strikes out looking
|
| Top of the 4th over - 0 runs, 1 hit, 0 errors, 1 left on base; Vancouver 2 - Idaho Falls 0 |
| BOTTOM OF THE 4TH |
|
Idaho Falls Chukars batting - Pitching for Vancouver Canadians : RHP Jonathon Crunk
|
|
Batting: RHB Jonas Fernandez
|
0-0: DOUBLE (Flyball, 89XD, EV 109.4 MPH)
|
|
Batting: RHB Ian Hornsby
|
0-0: Swinging Strike 0-1: Ball 1-1: Foul Ball, location: 2F 1-2: Ball 2-2: Strikes out swinging
|
|
Batting: LHB Vicente Hernandez
|
0-0: Ball 1-0: Ball 2-0: Ground out 3-1 (Groundball, 34, EV 85.0 MPH) Jonas Fernandez to third
|
|
Batting: LHB David Bearden
|
0-0: Called Strike 0-1: Foul Ball, location: 2F 0-2: Ball 1-2: Ground out 6-3 (Groundball, 6M, EV 85.6 MPH)
|
| Bottom of the 4th over - 0 runs, 1 hit, 0 errors, 1 left on base; Vancouver 2 - Idaho Falls 0 |
| TOP OF THE 5TH |
|
Vancouver Canadians batting - Pitching for Idaho Falls Chukars : RHP Jim Haggart
|
|
Batting: RHB Brian Manson
|
0-0: Ball 1-0: Ball 2-0: Ball 3-0: Base on Balls
|
|
Batting: RHB Carlos Renteria
|
0-0: Called Strike 0-1: Fly out, F8 (Flyball, 8LXD, EV 110.6 MPH)
|
|
Batting: RHB Nikita Schram
|
0-0: Called Strike 0-1: Ball 1-1: Swinging Strike 1-2: Ball 2-2: Ball 3-2: Foul Ball, location: 2F 3-2: Foul Ball, location: 2F 3-2: Base on Balls Brian Manson to second
|
|
Batting: LHB Devin Huber
|
0-0: Called Strike 0-1: Ball 1-1: Fielders Choice at 2nd, 6-4 (Groundball, 6, EV 79.4 MPH) Brian Manson to third
|
|
Batting: RHB Norm Mercer
|
0-0: Called Strike 0-1: 3-RUN HOME RUN (Flyball, 78XD, EV 98.1 MPH), Distance : 393 ft
|
|
Batting: LHB Adam Santarelli
|
0-0: Called Strike 0-1: Ball 1-1: Foul Ball, location: 2F 1-2: Strikes out swinging
|
| Top of the 5th over - 3 runs, 1 hit, 0 errors, 0 left on base; Vancouver 5 - Idaho Falls 0 |
| BOTTOM OF THE 5TH |
|
Idaho Falls Chukars batting - Pitching for Vancouver Canadians : RHP Jonathon Crunk
|
|
Batting: RHB Bobby Matyas
|
0-0: Hit by Pitch
|
|
Batting: RHB Rafael Tapia
|
0-0: Called Strike 0-1: DOUBLE (Line Drive, 9LM, EV 105.6 MPH) Bobby Matyas to third
|
|
Batting: SHB Benoît Morin
|
0-0: Swinging Strike 0-1: Swinging Strike 0-2: Ball 1-2: Strikes out looking
|
|
Batting: RHB Ruben Luis
|
0-0: Called Strike 0-1: Foul Ball, location: 2F 0-2: Ball 1-2: Foul Ball, location: 2F 1-2: Ball 2-2: Fly out, F8 (Flyball, 8LS, EV 93.1 MPH)
|
|
Batting: RHB Mike Bearden
|
0-0: Ball 1-0: Ball 2-0: Ball 3-0: Called Strike 3-1: Base on Balls
|
|
Batting: RHB Jonas Fernandez
|
0-0: Ball 1-0: Foul Ball, location: 2F 1-1: Ball 2-1: Ground out U3 (Groundball, 3, EV 105.6 MPH)
|
| Bottom of the 5th over - 0 runs, 1 hit, 0 errors, 3 left on base; Vancouver 5 - Idaho Falls 0 |
| TOP OF THE 6TH |
|
Vancouver Canadians batting - Pitching for Idaho Falls Chukars : RHP Jim Haggart
|
|
Batting: RHB Elliot Manfredini
|
0-0: Foul Ball, location: 2F 0-1: Called Strike 0-2: Ball 1-2: Strikes out swinging
|
|
Pitching: LHP Bin Ya
|
|
|
Batting: RHB Ricky Carbajal
|
0-0: Fly out, F4 (Popup, 4S, EV 70.6 MPH)
|
|
Batting: RHB Luis Vargas
|
0-0: Called Strike 0-1: Swinging Strike 0-2: Ball 1-2: Foul Ball, location: 2F 1-2: Ball 2-2: Strikes out swinging
|
| Top of the 6th over - 0 runs, 0 hits, 0 errors, 0 left on base; Vancouver 5 - Idaho Falls 0 |
| BOTTOM OF THE 6TH |
|
Idaho Falls Chukars batting - Pitching for Vancouver Canadians : RHP Jonathon Crunk
|
|
Batting: RHB Ian Hornsby
|
0-0: Ball 1-0: Called Strike 1-1: Swinging Strike 1-2: Strikes out looking
|
|
Batting: LHB Vicente Hernandez
|
0-0: Ball 1-0: SINGLE (Groundball, 34D, EV 107.5 MPH)
|
|
Batting: LHB David Bearden
|
0-0: Swinging Strike 0-1: Foul Ball, location: 2F 0-2: Foul Ball, location: 2F 0-2: Strikes out looking
|
|
Batting: RHB Bobby Matyas
|
0-0: Called Strike 0-1: Called Strike 0-2: Ball 1-2: Ball 2-2: Fielders Choice at 2nd, 5-4 (Groundball, 5, EV 108.8 MPH)
|
| Bottom of the 6th over - 0 runs, 1 hit, 0 errors, 1 left on base; Vancouver 5 - Idaho Falls 0 |
| TOP OF THE 7TH |
|
Vancouver Canadians batting - Pitching for Idaho Falls Chukars : LHP Bin Ya
|
|
Batting: RHB Brian Manson
|
0-0: Foul Ball, location: 2F 0-1: Ground out 4-3 (Groundball, 4, EV 81.9 MPH)
|
|
Batting: RHB Carlos Renteria
|
0-0: Called Strike 0-1: Ball 1-1: Foul Ball, location: 2F 1-2: Ball 2-2: Foul Ball, location: 2F 2-2: Fly out, F9 (Flyball, 9D, EV 98.8 MPH)
|
|
Batting: RHB Nikita Schram
|
0-0: Ball 1-0: Ball 2-0: Ball 3-0: Called Strike 3-1: Base on Balls
|
|
Batting: LHB Devin Huber
|
0-0: Ball Nikita Schram is caught stealing 2nd base 2-6
|
| Top of the 7th over - 0 runs, 0 hits, 0 errors, 0 left on base; Vancouver 5 - Idaho Falls 0 |
| BOTTOM OF THE 7TH |
|
Idaho Falls Chukars batting - Pitching for Vancouver Canadians : RHP Jonathon Crunk
|
|
Pitching: LHP Quadir Dade
|
|
|
Batting: RHB Rafael Tapia
|
0-0: Ball 1-0: Ball 2-0: Ball 3-0: Called Strike 3-1: Foul Ball, location: 2F 3-2: Ground out 6-3 (Groundball, 56, EV 85.6 MPH)
|
|
Batting: SHB Benoît Morin
|
0-0: DOUBLE (Line Drive, 3D, EV 98.1 MPH)
|
|
Batting: RHB Ruben Luis
|
0-0: Fly out, F8 (Line Drive, 8RD, EV 91.2 MPH)
|
|
Batting: RHB Mike Bearden
|
0-0: Called Strike 0-1: Swinging Strike 0-2: Strikes out looking
|
| Bottom of the 7th over - 0 runs, 1 hit, 0 errors, 1 left on base; Vancouver 5 - Idaho Falls 0 |
| TOP OF THE 8TH |
|
Vancouver Canadians batting - Pitching for Idaho Falls Chukars : LHP Bin Ya
|
|
Batting: LHB Devin Huber
|
0-0: Ball 1-0: Ball 2-0: Ball 3-0: Called Strike 3-1: Fly out, F8 (Flyball, 8LD, EV 90.6 MPH)
|
|
Batting: RHB Norm Mercer
|
0-0: Called Strike 0-1: Foul Ball, location: 2F 0-2: SINGLE (Groundball, 56D, EV 108.1 MPH)
|
|
Batting: LHB Adam Santarelli
|
0-0: Called Strike 0-1: Foul Ball, location: 2F Balk! Norm Mercer to second 0-2: Ball 1-2: Hit by Pitch
|
|
Pitching: RHP Francisco Reyes
|
|
|
Batting: RHB Elliot Manfredini
|
0-0: Ball 1-0: Ball 2-0: Called Strike 2-1: Swinging Strike 2-2: Hit by Pitch Norm Mercer to third Adam Santarelli to second
|
|
Batting: RHB Ricky Carbajal
|
0-0: Ball 1-0: Foul Ball, location: 2F 1-1: Hit by Pitch Norm Mercer scores Adam Santarelli to third Elliot Manfredini to second
|
|
Batting: RHB Luis Vargas
|
0-0: Called Strike 0-1: Fly out, F4 (Popup, 13, EV 85.6 MPH)
|
|
Batting: RHB Brian Manson
|
0-0: Called Strike 0-1: Fielders Choice at 2nd, 5-4 (Groundball, 5L, EV 101.2 MPH)
|
| Top of the 8th over - 1 run, 1 hit, 0 errors, 3 left on base; Vancouver 6 - Idaho Falls 0 |
| BOTTOM OF THE 8TH |
|
Idaho Falls Chukars batting - Pitching for Vancouver Canadians : LHP Quadir Dade
|
|
Batting: RHB Jonas Fernandez
|
0-0: Ball 1-0: Ground out 5-3 (Groundball, 5L, EV 80.0 MPH)
|
|
Batting: RHB Ian Hornsby
|
0-0: Called Strike 0-1: Ball 1-1: Swinging Strike 1-2: Ball 2-2: Foul Ball, location: 2F 2-2: Strikes out swinging
|
|
Batting: LHB Vicente Hernandez
|
0-0: Foul Ball, location: 2F 0-1: Foul Ball, location: 2F 0-2: Strikes out swinging
|
| Bottom of the 8th over - 0 runs, 0 hits, 0 errors, 0 left on base; Vancouver 6 - Idaho Falls 0 |
| TOP OF THE 9TH |
|
Vancouver Canadians batting - Pitching for Idaho Falls Chukars : RHP Francisco Reyes
|
|
Batting: RHB Carlos Renteria
|
0-0: Ball 1-0: Ground out 5-3 (Groundball, 56S, EV 89.4 MPH)
|
|
Batting: RHB Nikita Schram
|
0-0: Swinging Strike 0-1: Ball 1-1: Foul Ball, location: 2F 1-2: Foul Ball, location: 2F 1-2: Strikes out looking
|
|
Batting: LHB Devin Huber
|
0-0: Foul Ball, location: 2F 0-1: Swinging Strike 0-2: Ground out 6-3 (Groundball, 6M, EV 81.2 MPH)
|
| Top of the 9th over - 0 runs, 0 hits, 0 errors, 0 left on base; Vancouver 6 - Idaho Falls 0 |
| BOTTOM OF THE 9TH |
|
Idaho Falls Chukars batting - Pitching for Vancouver Canadians : LHP Quadir Dade
|
|
Batting: LHB David Bearden
|
0-0: Ball 1-0: Swinging Strike 1-1: TRIPLE (Line Drive, 78XD, EV 99.4 MPH)
|
|
Batting: RHB Bobby Matyas
|
0-0: Ball 1-0: Called Strike 1-1: Ball 2-1: Fly out, F8 (Flyball, 8RS, EV 85.6 MPH)
|
|
Batting: RHB Rafael Tapia
|
0-0: Ball 1-0: Swinging Strike 1-1: Ball 2-1: Called Strike 2-2: Foul Ball, location: 2F 2-2: Ball 3-2: Base on Balls
|
|
Batting: SHB Benoît Morin
|
0-0: Called Strike 0-1: Foul Ball, location: 2F 0-2: Ball 1-2: Grounds into double play, 6-4-3 (Groundball, 6, EV 87.5 MPH)
|
| Bottom of the 9th over - 0 runs, 1 hit, 0 errors, 1 left on base; Vancouver 6 - Idaho Falls 0 |
|